 Dungeon Crawl Stone Soup version 0.31-a0-187-gba352fbbf7 (webtiles) character file.

Game seed: 9998029404149034229

69 qw the Shooter (level 4, -6/25 HPs)
             Began as a Deep Elf Hunter on June 22, 2023.
             Mangled by a gnoll
             ... wielding a +0 flail
              (7 damage)
             ... on level 3 of the Dungeon.
             The game lasted 00:01:04 (1847 turns).

qw the Shooter (Deep Elf Hunter)                    Turns: 1847, Time: 00:01:05

Health: -6/25      AC:  3    Str: 10    XL:     4   Next: 2%
Magic:  6/6        EV: 12    Int: 14    God:
Gold:   111        SH:  0    Dex: 18    Spells: 3/3 levels left

rFire   . . .        Y - +0 shortbow
rCold   . . .        (shield currently unavailable)
rNeg    . . .        c - +0 leather armour
rPois   .            (no helmet)
rElec   .            (no cloak)
rCorr   .            (no gloves)
SInv    .            (no boots)
Will    .....        (no amulet)
Stlth   ++           (no ring)
HPRegen 0.24/turn    (no ring)
MPRegen 0.10/turn

%: no passive effects
@: no status effects
A: no striking features
a: no special abilities


You were on level 3 of the Dungeon.
You visited 1 branch of the dungeon, and saw 4 of its levels.

You collected 111 gold pieces.


   Skills:
 - Level 1.5 Fighting
 + Level 7.4 Ranged Weapons
 - Level 2.4 Dodging
 - Level 1.2 Stealth


You had 3 spell levels left.
You didn't know any spells.
Your spell library was empty.

Inventory:

Hand Weapons
 Y - a +0 shortbow (weapon)
Armour
 c - a +0 leather armour (worn)
Scrolls
 a - a scroll of identify {unknown}
Potions
 b - a potion of lignification {unknown}
 d - a potion of curing
 g - a potion of cancellation {unknown}

Dungeon Overview and Level Annotations

Branches:
Dungeon (4/15)
 Temple: D:4-7

Altars:


Message History

Found a wand of roots (8).
Enter note:
Enter note:
Found a stone staircase leading down.
Enter note:
Enter note:
Found a spear.
Enter note:
Enter note: 3 gnolls come into view.
The gnoll shouts!
Enter note:
Enter note: You shoot an arrow.
The gnoll shouts! x2
The arrow hits the gnoll but does no damage.
You shoot an arrow.
The arrow hits the gnoll but does no damage.
You shoot an arrow. The arrow barely misses the gnoll.
The arrow hits the gnoll.
The gnoll is lightly wounded.
You shoot an arrow. The arrow hits the gnoll.
The gnoll is lightly wounded.
You shoot an arrow. The arrow hits the gnoll.
The gnoll is heavily wounded.
You shoot an arrow.
The arrow hits the gnoll but does no damage.
The gnoll is heavily wounded.
You shoot an arrow. The arrow closely misses the gnoll.
You shoot an arrow. The arrow closely misses the gnoll.
The gnoll hits you with a +0 whip.
You shoot an arrow. The arrow hits the gnoll.
The gnoll is almost dead.
The gnoll barely misses you. x2
You shoot an arrow. The arrow completely misses the gnoll.
The gnoll barely misses you. x2; The gnoll hits you with a +0 flail!
The gnoll hits you with a +0 whip.
You shoot an arrow. The arrow hits the gnoll.
You kill the gnoll!
The gnoll hits you with a +0 whip! The gnoll hits you with a +0 flail!
You die...

......##..##.........####.###.#
##..#.# .##.#....)#.# #.###.#
#...... ##.........# #.#...#
#.####... ####....### #.....#
#.# #..#####....# #...#.# #..
...........# #.....### ###
.#######...# ##...)... #...#
#.##.##. #@..# #. #.##.
......g)g/..... . .....
................ ##....
.......>......>. #..##
#######)..####. ...# #...#
.##.# #.#.# #...#


You could see 2 gnolls.

Vanquished Creatures
  A gnoll (D:3)
  2 worms
  A dart slug (D:1)
  An orc (D:3)
  9 ball pythons
  6 endoplasms
  2 giant cockroaches (D:1)
  6 goblins
  8 hobgoblins
  4 kobolds
  7 quokkas
  3 bats
  A frilled lizard (D:1)
  2 rats
53 creatures vanquished.

Notes
Turn   | Place    | Note
-------+----------+-------------------------------------------
     0 | D:1      | qw the Deep Elf Hunter began the quest for the Orb.
     0 | D:1      | Reached XP level 1. HP: 12/12 MP: 3/3
     0 | D:1      | 0 ||| qw: Version: 0.3-a-9-g12657ce
     0 | D:1      | 0 ||| qw: Game counter: 2501
     0 | D:1      | 0 ||| qw: Always use a shield: true
     0 | D:1      | 0 ||| qw: God list: Okawaru
     0 | D:1      | 0 ||| qw: Allow faded altars: false
     0 | D:1      | 0 ||| qw: Do Orc after D:15 true
     0 | D:1      | 0 ||| qw: Do second Lair branch before Depths: true
     0 | D:1      | 0 ||| qw: Lair rune preference: random
     0 | D:1      | 0 ||| qw: Plans: Normal
     0 | D:1      | 0 ||| PLANNING D:1-11
    48 | D:1      | Reached XP level 2. HP: 16/16 MP: 4/4
    79 | D:1      | Reached skill level 6 in Ranged Weapons
   309 | D:1      | Reached XP level 3. HP: 20/20 MP: 5/5
   420 | D:1      | 420 ||| DROPPING scroll of butterflies.
   701 | D:2      | 701 ||| FLEEEEING.
   702 | D:2      | 702 ||| FLEEEEING.
   846 | D:2      | You fall into a shaft and drop 2 floors!
   852 | D:4      | 852 ||| READING scroll labelled SOWNUC SECIAXO.
   853 | D:4      | 853 ||| READING scroll labelled YFOIW LACYZXO.
   854 | D:4      | 854 ||| READING scroll labelled YFY JILOTHRUWK.
   871 | D:4      | 871 ||| READING scroll labelled GYFOPN UQAMUO.
   872 | D:4      | 872 ||| READING scroll labelled WAKHAAG CACLECH.
   885 | D:3      | Reached skill level 7 in Ranged Weapons
   939 | D:3      | HP: 4/20 [worm (6)]
   940 | D:3      | 940 ||| READING scroll of teleportation.
  1027 | D:3      | 1027 ||| READING scroll labelled CONEOTHOEK.
  1028 | D:3      | 1028 ||| DRINKING 2 coppery potions.
  1029 | D:3      | 1029 ||| DROPPING potion of brilliance.
  1312 | D:2      | 1312 ||| DRINKING 2 ruby potions.
  1544 | D:2      | 1544 ||| Stepping randomly (stuck).
  1726 | D:3      | Reached XP level 4. HP: 21/25 MP: 6/6
  1726 | D:3      | 1726 ||| FLEEEEING.
  1727 | D:3      | 1727 ||| FLEEEEING.
  1728 | D:3      | 1728 ||| FLEEEEING.
  1729 | D:3      | 1729 ||| FLEEEEING.
  1730 | D:3      | 1730 ||| FLEEEEING.
  1731 | D:3      | 1731 ||| FLEEEEING.
  1732 | D:3      | 1732 ||| FLEEEEING.
  1733 | D:3      | 1733 ||| FLEEEEING.
  1734 | D:3      | 1734 ||| FLEEEEING.
  1847 | D:3      | HP: 1/25 [gnoll/+0 whip (7)]
  1847 | D:3      | Mangled by a gnoll

Levels and vault maps discovered:
D:1:      lemuel_arrival_rhombus, layout_rooms, minmay_misc_feat_more_columns
D:2:      layout_basic
D:3:      layout_loops_cross, minmay_goblin_outpost
D:4:      layout_basic, jmf_multi_god_temple, temple_fountains, serial_shops,
          nicolae_shop_temple_entry_statues_fountains, grunt_decor_one_mirror,
          hangedman_glass_teeth, minmay_between

Skill      XL: |  1  2  3 |
---------------+----------+-----
Ranged Weapons | 6 7 |  7.4
Fighting       | |  1.5
Dodging        | |  2.4
Stealth        | |  1.2

Action                     |  1- 3 |  4- 6 || total
---------------------------+-------+-------++-------
   Fire: Shortbow          |   122 |    15 ||   137
    Use: Scroll            |     7 |       ||     7
         Potion            |     2 |       ||     2
 Armour: Leather armour    |     6 |     2 ||     8
  Dodge: Dodged            |     7 |     5 ||    12

Table legend:
 A = Non-vault XP
 B = Vault XP
 C = Vault XP percentage of total XP
 D = Non-vault monster count
 E = Vault monster count
 F = Vault count percentage of total count
                 A         B        C        D         E       F
            +---------+---------+-------+---------+---------+-------
      Total |     101 |      12 |  10.6 |      47 |       6 |  11.3
            +---------+---------+-------+---------+---------+-------
        D:1 |      46 |       0 |   0.0 |      26 |       0 |   0.0
        D:2 |      17 |       0 |   0.0 |       9 |       0 |   0.0
        D:3 |      38 |      12 |  24.0 |      12 |       6 |  33.3
            +---------+---------+-------+---------+---------+-------
